 Dungeon Crawl Stone Soup version 0.30.1-11-g7821555f0a (webtiles) character file.

Game seed: 13330014867024769875

1530 Phong the Digger (level 8, -2/52 HPs)
             Began as an Octopode Earth Elementalist on Dec 22, 2023.
             Was a Follower of Fedhas.
             Slain by an orc priest
             ... wielding a +0 hand axe
              (4 damage)
             ... on level 6 of the Dungeon.
             The game lasted 00:42:42 (7041 turns).

Phong the Digger (Octopode Earth Elementalist)      Turns: 7041, Time: 00:42:43

Health: -2/52      AC:  1    Str:  7    XL:     8   Next: 85%
Magic:  1/14       EV: 14    Int: 20    God:    Fedhas [*.....]
Gold:   360        SH:  5    Dex: 12    Spells: 5/15 levels left

rFire   . . .        k - +1 dagger (protect)
rCold   . . .        (no shield)
rNeg    . . .        (helmet restricted)
rPois   .            p - amulet of reflection
rElec   .            (no ring)
rCorr   .            (no ring)
SInv    .            (no ring)
Will    .....        (no ring)
Stlth   +++          (no ring)
HPRegen 0.28/turn    (no ring)
MPRegen 0.14/turn    (no ring)
                     (no ring)

%: reflection
@: no status effects
A: almost no armour, amphibious, 8 rings, camouflage 1, gelatinous body 1,
(nimble swimmer 1), tentacles
a: Renounce Religion


You were on level 6 of the Dungeon.
You worshipped Fedhas.
Fedhas was aware of your devotion.
You visited 2 branches of the dungeon, and saw 7 of its levels.

You collected 360 gold pieces.

Inventory:

Hand Weapons
 h - a +0 long sword
 k - a +1 dagger of protection (weapon)
 A - a +0 dagger of venom
 B - a +0 rapier of distortion
 F - a +1 short sword of draining
Missiles
 c - 12 poisoned darts
 f - 76 stones
 n - 3 curare-tipped darts
Magical Staves
 o - a staff of death
 C - a staff of air
Jewellery
 p - an amulet of reflection (around mantle)
 x - an amulet of regeneration
Wands
 e - a wand of roots (17)
 v - a wand of paralysis (7)
 D - a wand of flame (6)
Scrolls
 g - 8 scrolls of teleportation
 l - a scroll of magic mapping {unknown}
 r - a scroll of enchant armour
 s - a scroll of fog
 t - 2 scrolls of fear
 u - a scroll of enchant weapon {unknown}
 w - 2 scrolls of blinking {unknown}
 y - 2 scrolls of amnesia
 E - 5 scrolls of identify
 G - a scroll of butterflies {unknown}
Potions
 a - a potion of magic
 b - 2 potions of cancellation
 d - 4 potions of curing
 i - a potion of heal wounds
 j - a potion of attraction
 m - a potion of might
 q - a potion of resistance
 z - a potion of berserk rage


   Skills:
 - Level 3.0 Fighting
 + Level 3.0 Short Blades
 - Level 4.0 Dodging
 + Level 4.0 Stealth
 + Level 4.3 Spellcasting
 + Level 4.9 Conjurations
 - Level 1.0 Translocations
 - Level 2.3 Transmutations
 + Level 5.8 Earth Magic


You had 5 spell levels left.
You knew the following spells:

 Your Spells              Type           Power      Damage    Failure   Level
a - Sandblast             Erth           54%        2d13      1%          1
b - Searing Ray           Conj           48%        2d6       2%          2
c - Stone Arrow           Conj/Erth      50%        3d10      4%          3
d - Blink                 Tloc           16%        N/A       13%         2
e - Passwall              Tmut/Erth      16%        N/A       3%          2

Your spell library contained the following spells:

 Spells                   Type           Power      Damage    Failure   Level
 Magic Dart               Conj           96%        1d7       1%          1
 Momentum Strike          Conj/Tloc      32%        3d8       5%          2
 Wereblood                Tmut           13%        N/A       8%          2
 Lesser Beckoning         Tloc           16%        N/A       13%         2
 Sublimation of Blood     Necr           4%         N/A       19%         2
 Petrify                  Tmut/Erth      20%        N/A       24%         4
 Fulminant Prism          Conj/Hex       7%         3d7       41%         4
 Manifold Assault         Tloc           8%         N/A       63%         4
 Olgreb's Toxic Radiance  Pois           4%         N/A       77%         4
 Blade Hands              Tmut           6%         N/A       80%         5
 Iron Shot                Conj/Erth      12%        9d3       91%         6
 Dispersal                Tloc           4%         N/A       100%        6
 Summon Hydra             Summ           2%         N/A       100%        7
 Discord                  Hex            2%         N/A       100%        8
 Disjunction              Tloc           4%         N/A       100%        8
 Ignition                 Fire           2%         3d3       100%        8
 Animate Armour           Summ/Erth      Unusable   N/A       N/A         4

Dungeon Overview and Level Annotations

Branches:
Dungeon (6/15)             Temple (1/1) D:4

Altars:
Cheibriados
Dithmenos
Fedhas
Gozag
Hepliaklqana
Kikubaaqudgha
Makhleb
Nemelex Xobeh
Okawaru
Ru
Trog
Uskayaw
Wu Jian
Xom
The Shining One

Shops:
D:1 (*(?

Portals:
Abyss: D:4

Annotations:
D:4 H0rd4k's ghost, amateur HuAr


Innate Abilities, Weirdness & Mutations

You cannot wear most types of armour.
You are amphibious.
You can wear up to eight rings at the same time.
Your skin changes colour to match your surroundings (Stealth+).
Your rubbery body absorbs attacks. (AC +1, EV +1)
((You are camouflaged when in or above water. (Stealth+)))
You have tentacles for arms and can constrict up to eight enemies at once.


Message History

Confirm with . or Enter, or press ? or * to list all spells.
Aiming: Stone Arrow (dangerous; 4% risk of failure)
Press: ? - help, Shift-Dir - straight line, f/p - orc warrior
Aim: an orc warrior, wielding a +0 arbalest and wearing a +0 chain mail (68% to hit)
The stone arrow misses the orc warrior.
The orc warrior shoots a bolt.
You block the bolt with an invisible shield... and reflect it back!
The bolt barely misses the orc warrior.
Casting: Stone Arrow (dangerous; 4% risk of failure)
Confirm with . or Enter, or press ? or * to list all spells.
Aiming: Stone Arrow (dangerous; 4% risk of failure)
Press: ? - help, Shift-Dir - straight line, f/p - orc warrior
Aim: an orc warrior, wielding a +0 arbalest and wearing a +0 chain mail (68% to hit)
The stone arrow hits the orc warrior!
The orc warrior is moderately wounded.
The orc priest invokes the aid of Beogh against you.
Beogh smites you!
The orc warrior shoots a bolt.
The bolt barely misses you.
Casting: Stone Arrow (dangerous; 4% risk of failure)
Confirm with . or Enter, or press ? or * to list all spells.
Aiming: Stone Arrow (dangerous; 4% risk of failure)
Press: ? - help, Shift-Dir - straight line, f/p - orc warrior
Aim: an orc warrior, wielding a +0 arbalest and wearing a +0 chain mail (moderately wounded, 68% to hit)
The stone arrow hits the orc warrior!
The orc warrior is almost dead.
The orc warrior shoots a bolt.
The bolt hits you!!
Casting: Stone Arrow (dangerous; 4% risk of failure)
Confirm with . or Enter, or press ? or * to list all spells.
Aiming: Sandblast (safe; 1% risk of failure)
Press: ? - help, Shift-Dir - straight line, f/p - orc warrior
Aim: an orc warrior, wielding a +0 arbalest and wearing a +0 chain mail (almost dead, 81% to hit)
The blast of sand hits the orc warrior but does no damage.
The orc warrior is almost dead.
The orc priest calls down the wrath of Beogh upon you.
Pain shoots through your body!
The orc warrior shoots a bolt.
The bolt hits you!
* * * LOW HITPOINT WARNING * * *
The orc warrior shoots a bolt.
The bolt misses you.
The orc priest attacks as you move away!
The orc priest hits you with a +0 hand axe.
You die...
Fedhas appreciates your contribution to the ecosystem.

####..# #. ### ##.#^~.### ##. #
#.. ##†.~.#.#.##...###.##.#
#.##.⌠#..#.# .........##########
#.⌠#.##.#.~# #.....".o.Soo......
#.~≈#.#≈~.⌠###.###)#############
#.⌠#.#.....#o......#
##.⌠####.##.#...o#
...#~.~...[.#...@#
.##⌠)~.#~.~.####.# †#~#........#
#.# .#≈≈~~..~#..# #.#
.##≈#⌠##)~_.# #.# .#≈#...#.~###
#.# ############ .##.#~##.###
#.# #.........)) ..##⌠~.#.####
#.# #.####.##### #.####.#⌠##.#
#.## #.# #.# #


You could see an orc warrior and an orc priest.

Vanquished Creatures
  Grinder (D:5)
  Sigmund (D:5)
  A water moccasin (D:5)
  A black bear (D:6)
  A phantom (D:6)
  Blork the orc (D:5)
  A kobold brigand (D:4)
  A scorpion (D:4)
  4 hounds
  3 jellies
  An orc priest (D:5)
  A gnoll bouda (D:6)
  An orc wizard (D:5)
  Ijyb (D:3)
  2 iguanas
  12 adders
  8 gnolls
  3 shadow imps
  2 white imps
  An ufetubus (D:5)
  A worm (D:4)
  3 dart slugs
  6 orcs
  17 endoplasms
  3 giant cockroaches
  6 goblins
  9 hobgoblins
  5 jackals
  3 quokkas
  13 ball pythons
  6 bats
  3 frilled lizards (D:1)
  15 kobolds
  26 rats
163 creatures vanquished.

Vanquished Creatures (others)
  A sleepcap (D:5)
  An orc wizard (D:6)
2 creatures vanquished.

Grand Total: 165 creatures vanquished

Notes
Turn   | Place    | Note
-------+----------+-------------------------------------------
     0 | D:1      | Phong the Octopode Earth Elementalist began the quest for
                  | the Orb.
     0 | D:1      | Reached XP level 1. HP: 11/11 MP: 3/3
    20 | D:1      | Found Ysoiresch's Weapon Emporium.
   188 | D:1      | Reached XP level 2. HP: 17/17 MP: 5/5
   222 | D:1      | Learned a level 2 spell: Searing Ray
   238 | D:1      | Found Arhaha Naeph's Magic Scroll Boutique.
   272 | D:1      | Found a faded altar of an unknown god.
   312 | D:1      | Found Omiorr's Weapon Boutique.
   503 | D:1      | Reached XP level 3. HP: 14/21 MP: 6/6
   535 | D:1      | Found Raashi's Assorted Antiques.
   869 | D:2      | Reached skill level 4 in Earth Magic
  1231 | D:2      | Reached XP level 4. HP: 27/27 MP: 7/7
  1326 | D:2      | Learned a level 3 spell: Stone Arrow
  1398 | D:2      | Reached skill level 1 in Conjurations
  1853 | D:3      | Noticed Ijyb
  1870 | D:3      | Killed Ijyb
  1871 | D:3      | Reached XP level 5. HP: 29/31 MP: 0/8
  2366 | D:3      | Reached skill level 1 in Short Blades
  2436 | D:3      | Found an iron altar of Okawaru.
  2587 | D:3      | Reached XP level 6. HP: 24/36 MP: 6/9
  3114 | D:4      | Found a transporter.
  3133 | D:4      | Noticed H0rd4k's ghost (amateur HuAr)
  3133 | D:4      | Found a one-way gate to the infinite horrors of the Abyss.
  3251 | D:4      | Found a transporter.
  3277 | D:4      | Reached skill level 5 in Earth Magic
  3336 | D:4      | Reached XP level 7. HP: 41/41 MP: 3/10
  3508 | D:4      | Found a staircase to the Ecumenical Temple.
  3529 | Temple   | Entered the Ecumenical Temple
  3609 | Temple   | Became a worshipper of Fedhas Madash
  4079 | D:5      | Entered Level 5 of the Dungeon
  4160 | D:5      | Reached skill level 1 in Fighting
  4335 | D:5      | Noticed Grinder
  4337 | D:5      | Killed Grinder
  4479 | D:5      | Reached XP level 8. HP: 51/51 MP: 10/12
  4505 | D:5      | HP: 2/51 [gnoll/+0 flail (4)]
  4781 | D:5      | Noticed a +0 falchion
  4782 | D:5      | Noticed a +0 spear
  4783 | D:5      | Noticed a +0 short sword
  4783 | D:5      | Noticed a +0 dagger
  4784 | D:5      | Noticed a +0 short sword
  4784 | D:5      | Noticed a +0 dagger
  4785 | D:5      | Noticed a +0 falchion
  4785 | D:5      | Noticed a +0 spear
  4800 | D:5      | Found a hide-covered altar of Uskayaw.
  5146 | D:5      | Noticed Sigmund
  5152 | D:5      | Killed Sigmund
  5196 | D:5      | Noticed Blork the orc
  5202 | D:5      | Killed Blork the orc
  5594 | D:5      | Found an ornate altar of the Wu Jian Council.
  5992 | D:6      | Found a sparkling altar of Nemelex Xobeh.
  6196 | D:6      | Reached * piety under Fedhas
  6593 | D:6      | Learned a level 2 spell: Blink
  6596 | D:6      | Learned a level 2 spell: Passwall
  6745 | D:6      | Found a shimmering altar of Xom.
  6877 | D:6      | Reached skill level 1 in Translocations
  7040 | D:6      | HP: 2/52 [orc warrior/bolt (17)]
  7041 | D:6      | Slain by an orc priest

Illustrated notes

Levels and vault maps discovered:
D:1:      eino_arrival_water_cross, layout_loops_ring, serial_shops,
          nicolae_diamond_shop, nicolae_shop_bloodbath_and_beyond,
          nicolae_shop_dealshenge, shop, ebering_ecumenical_altar_sacrificial
D:2:      layout_basic
D:3:      cheibrodos_fertilizer, layout_basic, okawaru_ov_weapons_minmay,
          minmay_rat_hole, uniq_ijyb
D:4:      layout_gridville, minmay_temple_entry_junction_2,
          cheibrodos_sewer_entry_bend, gammafunk_ghost_abyssal_escape
D:5:      layout_layer_cave, nicolae_uskayaw_en_pointe,
          nzn_wu_jian_contemplation, saegor_snake_ambush, uniq_blork_the_orc,
          uniq_grinder, uniq_sigmund
D:6:      black_bear_nest_1, layout_loops_ring, lemuel_doored_altar, tgw_xom
Temple:   hc_temple_tempest_star

Skill      XL: |  1  2  3  4  5  6  7  8 |
---------------+-------------------------+-----
Stealth        | 3 4 |  4.0
Earth Magic    | 4 5 |  5.8
Transmutations | 2 |  2.3
Conjurations   | 2 3 4 |  4.9
Short Blades   | 1 2 3 |  3.0
Fighting       | 2 3 |  3.0
Spellcasting   | 3 4 |  4.3
Dodging        | 3 4 |  4.0
Translocations | 1 |  1.0

Action                     |  1- 3 |  4- 6 |  7- 9 || total
---------------------------+-------+-------+-------++-------
  Melee: Spear             |     9 |       |       ||     9
         Constrict         |    26 |    29 |    21 ||    76
         Tentacles         |    23 |    26 |    28 ||    77
         Punch             |     1 |     1 |       ||     2
         Dagger            |    71 |   138 |    98 ||   307
         Short sword       |     8 |       |       ||     8
   Cast: Searing Ray       |       |     3 |     3 ||     6
         Sandblast         |       |    12 |    24 ||    36
         Stone Arrow       |       |     3 |    17 ||    20
    Use: Scroll            |       |     7 |     8 ||    15
         Potion            |       |     1 |     2 ||     3
   Stab: Sleeping          |    10 |     7 |     6 ||    23
 Armour: Skin              |    12 |    18 |    21 ||    51
  Dodge: Dodged            |    48 |    57 |    61 ||   166
  Block: Other             |       |    26 |    26 ||    52
         Reflection        |       |       |     1 ||     1
